 Dungeon Crawl Stone Soup version 0.30.2 (webtiles) character file.

Game seed: 8027487119364504153

171 porpoise the Shooter (level 5, 0/41 HPs)
             Began as a Human Hunter on Mar 7, 2024.
             Slain by an orc
             ... wielding a +0 whip
              (2 damage)
             ... on level 3 of the Dungeon.
             The game lasted 00:05:35 (2674 turns).

porpoise the Shooter (Human Hunter)                 Turns: 2674, Time: 00:05:35

Health: 0/41       AC:  3    Str: 11 (12) XL:     5   Next: 81%
Magic:  5/5        EV: 12    Int:  6 (9)  God:
Gold:   141        SH:  0    Dex: 17 (18) Spells: 4/4 levels left

rFire   + . .        a - +0 shortbow
rCold   . . .        (shield currently unavailable)
rNeg    . . .        c - +0 leather armour
rPois   .            (no helmet)
rElec   .            (no cloak)
rCorr   .            (no gloves)
SInv    .            (no boots)
Will    .....        (no amulet)
Stlth   ++           j - ring of protection from fire
HPRegen 0.26/turn    (no ring)
MPRegen 0.09/turn

%: no passive effects
@: lethally poisoned (0 -> -4)
A: no striking features
a: no special abilities


You were on level 3 of the Dungeon.
You visited 1 branch of the dungeon, and saw 3 of its levels.

You collected 141 gold pieces.

Inventory:

Hand Weapons
 a - a +0 shortbow (weapon)
Armour
 c - a +0 leather armour (worn)
Jewellery
 h - a ring of fire
 j - a ring of protection from fire (left hand)
Scrolls
 b - a scroll of immolation
 d - a scroll of amnesia {unknown}
 e - a scroll of identify {unknown}
 k - a scroll of summoning {unknown}
 m - a scroll of fog {unknown}
 n - a scroll of noise {unknown}
Potions
 f - a potion of attraction
 o - a potion of heal wounds {unknown}


   Skills:
 + Level 3.1 Fighting
 * Level 5.4 Ranged Weapons
 - Level 2.0 Dodging
 + Level 2.8 Stealth


You had 4 spell levels left.
You didn't know any spells.
Your spell library contained the following spells:

 Spells                   Type           Power      Damage    Failure   Level
 Volatile Blastmotes      Fire/Tloc      0%         2d10      89%         3
 Fulminant Prism          Conj/Hex       0%         3d5       100%        4
 Iskenderun's Mystic Bla  Conj/Tloc      0%         2d3       100%        4
 Lee's Rapid Deconstruct  Erth           0%         3d4*      100%        5


Dungeon Overview and Level Annotations

Branches:
Dungeon (3/15)

Altars:

Shops:
D:1 :


Message History

It was a potion of attraction.
You feel attractive to monsters.
* * * LOW HITPOINT WARNING * * *
You feel very sick.
It was a potion of cancellation.
Your magical effects are unravelling.
You feel magically purged.
* * * LOW HITPOINT WARNING * * *
You feel very sick. The orc misses you.
You feel less attractive to monsters.
It was a potion of curing.
You feel better.
The orc hits you with a +2 flail of venom.
* * * LOW HITPOINT WARNING * * *
Fire: a) +0 shortbow
Press: ? - help, Q - select action Shift-Dir - straight line, f/p - orc
Aim: an orc, wielding a +2 flail of venom (severely wounded, 64% to hit)
You shoot an arrow. The arrow closely misses the orc.
The orc hits you with a +2 flail of venom.
* * * LOW HITPOINT WARNING * * *
You are poisoned.
Fire: a) +0 shortbow
Press: ? - help, Q - select action Shift-Dir - straight line, f/p - orc
Aim: an orc, wielding a +2 flail of venom (severely wounded, 64% to hit)
You shoot an arrow. The arrow hits the orc.
You kill the orc!
* * * LOW HITPOINT WARNING * * *
You feel very sick.
Fire: a) +0 shortbow
Press: ? - help, Q - select action Shift-Dir - straight line, f - orc
Aim: an orc, wielding a +0 whip (64% to hit)
You shoot an arrow. The arrow hits the orc.
The orc is lightly wounded.
You feel sick. The orc hits you with a +0 whip.
* * * LOW HITPOINT WARNING * * *
It was a potion of degeneration.
There was something very wrong with that liquid.
You feel weakened.
You feel dopey.
You feel clumsy.
* * * LOW HITPOINT WARNING * * *
You feel sick. The orc hits you with a +0 whip.
You die...

#[.#######. . .
#†..>.......#.#
#...######...# #...# #..
#...#####.# #........# ##
##.####.## #.# #.#
##.###o##.# #.# ##@#)oo..#
#.# ##o# ### #.######### #..
#.......# #######. #†#####.#
###.._..## ##.# #.#
###......... ###..# #.#
####...........
#....#####.###...(..........
#....†...................###


You could see an orc.

Vanquished Creatures
  An orc priest (D:3)
  8 adders
  3 dart slugs
  2 worms (D:2)
  8 orcs (D:3)
  4 endoplasms
  2 goblins (D:1)
  6 hobgoblins
  4 quokkas
  4 ball pythons
  3 bats
  4 frilled lizards
  3 kobolds (D:1)
  6 rats
58 creatures vanquished.

Notes
Turn   | Place    | Note
-------+----------+-------------------------------------------
     0 | D:1      | porpoise the Human Hunter began the quest for the Orb.
     0 | D:1      | Reached XP level 1. HP: 16/16 MP: 1/1
    28 | D:1      | Found Vojung's Vocational Training.
   181 | D:1      | Reached XP level 2. HP: 22/22 MP: 2/2
  1000 | D:2      | Reached XP level 3. HP: 28/28 MP: 3/3
  1117 | D:2      | Reached XP level 4. HP: 10/34 MP: 4/4
  2172 | D:3      | Reached skill level 5 in Ranged Weapons
  2239 | D:3      | Found a faded altar of an unknown god.
  2300 | D:3      | Reached XP level 5. HP: 38/40 MP: 5/5
  2673 | D:3      | HP: 2/41 [orc/+0 whip (3)]
  2674 | D:3      | Slain by an orc

Illustrated notes

Levels and vault maps discovered:
D:1:      lemuel_arrival_behind_the_door_large, layout_basic, minivault_23,
          st_stairs_9, nicolae_shop_vocational
D:2:      minmay_skewed_foursquare, layout_basic
D:3:      layout_loops_ring, hellmonk_ecumenical_altar_zigzags

Skill      XL: |  1  2  3  4  5 |
---------------+----------------+-----
Stealth        | 2 |  2.8
Ranged Weapons | 5 |  5.4
Fighting       | 3 |  3.1
Dodging        | |  2.0

Action                     |  1- 3 |  4- 6 || total
---------------------------+-------+-------++-------
   Fire: Shortbow          |    73 |   109 ||   182
    Use: Potion            |       |     4 ||     4
 Armour: Leather armour    |     9 |     6 ||    15
  Dodge: Dodged            |    26 |    33 ||    59
